 Dungeon Crawl Stone Soup version 0.32-a0-571-gec57dfcd37 (webtiles) character file.

Game seed: 3732003942264505709

429 hikkokomori the Trooper (level 6, 0/53 HPs)
             Began as a Mountain Dwarf Wanderer on Mar 1, 2024.
             Splashed by a jelly's acid (10 damage)
             ... on level 5 of the Dungeon.
             The game lasted 00:06:13 (2777 turns).

hikkokomori the Trooper (Mountain Dwarf Wanderer)   Turns: 2777, Time: 00:06:14

Health: 0/53       AC: -2    Str: 18    XL:     6   Next: 66%
Magic:  16/16      EV: 10    Int: 13    God:
Gold:   212        SH:  0    Dex:  7    Spells: 3/7 levels left

rFire   + . .        h - +4 spear
rCold   . . .        (no shield)
rNeg    . . .        i - +0 ring mail {rF+}
rPois   .            (no helmet)
rElec   .            (no cloak)
rCorr   .            (no gloves)
SInv    .            (no boots)
Will    .....        (no amulet)
Stlth   +            m - ring of magical power
HPRegen 0.28/turn    (no ring)
MPRegen 0.15/turn

%: no passive effects
@: corroded
A: runic magic, artefact enchanting
a: no special abilities


You were on level 5 of the Dungeon.
You visited 1 branch of the dungeon, and saw 5 of its levels.

You collected 212 gold pieces.

Inventory:

Hand Weapons
 a - a +0 mace
 c - a +0 dagger
 h - a +4 spear (weapon)
 x - a +1 hand axe of electrocution
Missiles
 b - 9 boomerangs (quivered)
 o - 2 curare-tipped darts
Armour
 e - a +0 leather armour
 i - a +0 ring mail of fire resistance (worn)
Jewellery
 m - a ring of magical power (left hand)
Wands
 d - a wand of paralysis (1)
 r - a wand of flame (16)
Scrolls
 g - a scroll of poison {unknown}
 k - 2 scrolls of teleportation
 q - a scroll of enchant armour
 s - a scroll of vulnerability {unknown}
 t - a scroll of amnesia {unknown}
 u - a scroll of brand weapon {unknown}
 v - a scroll of identify
 w - a scroll of torment {unknown}
Potions
 f - a potion of brilliance {unknown}
 j - a potion of resistance {unknown}
 l - 3 potions of curing
 n - 2 potions of magic {unknown}
 p - 2 potions of might {unknown}
 z - 3 potions of heal wounds {unknown}


   Skills:
 + Level 4.7 Fighting
 + Level 2.2(3.5) Axes
 - Level 1.7(2.2) Maces & Flails
 - Level 3.0(3.2) Polearms
 - Level 1.0 Throwing
 - Level 2.1 Armour
 - Level 1.0 Stealth
 - Level 1.0 Spellcasting
 - Level 1.7 Conjurations
 - Level 3.0 Necromancy
 - Level 3.0 Fire Magic


You had 3 spell levels left.
You knew the following spells:

 Your Spells              Type           Power      Damage    Failure   Level
a - Foxfire               Conj/Fire      24%        2x1d5     12%         1
b - Fugue of the Fallen   Necr           8%         N/A       28%         3

Your spell library contained the following spells:

 Spells                   Type           Power      Damage    Failure   Level
 Sublimation of Blood     Necr           8%         N/A       14%         2
 Searing Ray              Conj           10%        2d4       24%         2
 Call Imp                 Summ           0%         N/A       43%         2
 Dazzling Flash           Conj/Hex       4%         N/A       56%         3
 Mephitic Cloud           Conj/Alch/Air  2%         N/A       58%         3
 Ozocubu's Armour         Ice            0%         N/A       67%         3
 Fulminant Prism          Conj/Alch      1%         3d5       92%         4
 Curse of Agony           Necr           8%         N/A       95%         5
 Manifold Assault         Tloc           0%         N/A       97%         4
 Silence                  Hex/Air        0%         N/A       100%        5
 Summon Hydra             Summ           0%         N/A       100%        7


Dungeon Overview and Level Annotations

Branches:
Dungeon (5/15)
 Temple: D:4-7

Altars:
Cheibriados
Vehumet


Innate Abilities, Weirdness & Mutations

Your spellcasting is much less encumbered by armour.
You can use scrolls of enchantment on lesser artefacts.


Message History

The jelly is almost dead.
The jelly hits you. The acid corrodes you!
You are splashed with acid!
You are too injured to fight recklessly!
You are too injured to fight recklessly!
You are too injured to fight recklessly!
You are too injured to fight recklessly!
You are too injured to fight recklessly!
You are too injured to fight recklessly!
You are too injured to fight recklessly!
You are too injured to fight recklessly!
You are too injured to fight recklessly!
You are too injured to fight recklessly!
You are too injured to fight recklessly!
You are too injured to fight recklessly!
You are too injured to fight recklessly!
You are too injured to fight recklessly!
You are too injured to fight recklessly!
You are too injured to fight recklessly!
You are too injured to fight recklessly!
You are too injured to fight recklessly!
You are too injured to fight recklessly!
You completely miss the jelly.
The jelly is almost dead.
The jelly hits you. The acid corrodes you!
You are splashed with acid!
You hit the jelly but do no damage.
Your hands burn!
The jelly is almost dead.
The jelly barely misses you. The orc barely misses you.
You barely miss the jelly.
The jelly is almost dead.
The jelly hits you.
You are splashed with acid!
* * * LOW HITPOINT WARNING * * *
The orc hits you with a +0 hand axe.
* * * LOW HITPOINT WARNING * * *
You hit the jelly but do no damage.
Your hands burn!
* * * LOW HITPOINT WARNING * * *
The jelly is almost dead.
The jelly hits you.
* * * LOW HITPOINT WARNING * * *
You are splashed with acid!
You die...

#.............o......#
#....................#
#....................#
#....................#
#.........<..........#
#....................# ###
##.##....#########...#
..####.##....###....##...#
...#...........'@J......
...#...........#o.......
...............#........
.......#.....###....###+
############## #....#
....... ........ ........


You could see a jelly and an orc.

Vanquished Creatures
  A black bear (D:5)
  A centaur (D:3)
  2 bombardier beetles
  Ijyb (D:3)
  2 iguanas (D:5)
  2 adders
  6 dart slugs
  7 orcs
  5 bats
  11 endoplasms
  5 giant cockroaches
  4 goblins
  9 hobgoblins
  6 jackals (D:3)
  3 quokkas
  3 ball pythons
  A frilled lizard (D:3)
  10 kobolds
  3 rats
82 creatures vanquished.

Notes
Turn   | Place    | Note
-------+----------+-------------------------------------------
     0 | D:1      | hikkokomori the Mountain Dwarf Wanderer began the quest for
                  | the Orb.
     0 | D:1      | hikkokomori set off with the following items: a +0 mace, 9
                  | boomerangs, a +0 dagger, a potion of attraction, a +0
                  | leather armour; and the following spell memorised: Foxfire;
                  | and the following spells available to memorise: Searing
                  | Ray, Fulminant Prism.
     0 | D:1      | Reached XP level 1. HP: 17/17 MP: 2/2
   146 | D:1      | Reached skill level 1 in Fire Magic
   146 | D:1      | Reached XP level 2. HP: 24/25 MP: 3/3
   252 | D:1      | Found a faded altar of an unknown god.
   414 | D:1      | Reached skill level 1 in Polearms
   414 | D:1      | Reached XP level 3. HP: 24/30 MP: 4/4
   699 | D:2      | Learned a level 3 spell: Fugue of the Fallen
   749 | D:2      | Reached skill level 3 in Fighting
  1433 | D:3      | Reached skill level 1 in Necromancy
  1433 | D:3      | Reached XP level 4. HP: 33/38 MP: 5/5
  1609 | D:3      | Noticed Ijyb
  1714 | D:3      | Paralysed by Ijyb for 5 turns
  1722 | D:3      | Paralysed by Ijyb for 4 turns
  1724 | D:3      | Noticed a centaur
  1728 | D:3      | Paralysed by Ijyb for 2 turns
  1733 | D:3      | Paralysed by Ijyb for 2 turns
  1750 | D:3      | Killed Ijyb
  1751 | D:3      | Reached XP level 5. HP: 12/45 MP: 6/6
  1755 | D:3      | Killed a centaur
  2223 | D:4      | Found a radiant altar of Vehumet.
  2306 | D:4      | Reached skill level 4 in Fighting
  2405 | D:5      | Entered Level 5 of the Dungeon
  2526 | D:5      | Reached XP level 6. HP: 52/52 MP: 7/7
  2729 | D:5      | Found a snail-covered altar of Cheibriados.
  2777 | D:5      | Splashed by a jelly's acid

Illustrated notes

Levels and vault maps discovered:
D:1:      nzn_arrival_depleted_hourglass, layout_rooms,
          ebering_ecumenical_altar_mist
D:2:      layout_loops_ring
D:3:      layout_rooms, minmay_tree_intersection, st_stairs_5,
          kennysheep_flooded_box, uniq_ijyb
D:4:      layout_rooms, kennysheep_mini_moat
D:5:      layout_gridville, kennysheep_mini

Skill      XL: |  1  2  3  4  5  6 |
---------------+-------------------+-----
Fire Magic     | 1 2 3 |  3.0
Polearms       | 1 2 3 |  3.0
Fighting       | 3 4 |  4.7
Necromancy     | 1 2 3 |  3.0
Axes           | 2 |  2.2
Maces & Flails | |  1.7
Throwing       | |  1.0
Armour         | |  2.1
Stealth        | |  1.0
Spellcasting   | |  1.0
Conjurations   | |  1.7

Action                     |  1- 3 |  4- 6 || total
---------------------------+-------+-------++-------
  Melee: Mace              |    13 |       ||    13
         Spear             |   108 |   159 ||   267
  Evoke: Wand              |       |     1 ||     1
    Use: Scroll            |       |     4 ||     4
         Potion            |       |     2 ||     2
 Armour: Leather armour    |    19 |       ||    19
         Ring mail         |    43 |    82 ||   125
  Dodge: Dodged            |    45 |    63 ||   108

Table legend: (Time is in decaauts)
 A = Elapsed time spent in this place.
 B = Non-inter-level travel time spent in this place.
 C = Inter-level travel time spent in this place.
 D = Time resting spent in this place.
 E = Time spent auto-exploring this place.
 F = Levels seen in this place.
 G = Mean time per level.
                   A        B        C        D        E       F      G
               +--------+--------+--------+--------+--------+-----+--------+
         Total |   2763 |   2696 |     67 |      0 |   2115 |   5 |  552.6 |
       Dungeon |   2763 |   2696 |     67 |      0 |   2115 |   5 |  552.6 |
               +--------+--------+--------+--------+--------+-----+--------+

Top non-repeatable levels by time:
     D:2: 717 daAuts
     D:3: 707 daAuts
     D:1: 648 daAuts
     D:5: 368 daAuts
     D:4: 322 daAuts
